Khor, lawful female dwarven Valkyrie ---- --..| |...}- --.. --...}| --..- -....|....|.... .--........... |.......... |}...%.... ---...... -... |...... .^<. ---.... -*.. |-... --- |.... --..- |..%- }.'.. ---= Khor the Warrior Experience level: 14 Strength: 25 Dexterity: 13 Constitution: 20 Intelligence: 7 Wisdom: 11 Charisma: 9 Health: 60(60) Energy: 0(0) AC: -3 Gold: 3638 Moves: 18190 Your Inventory: Coins $ - 3638 gold pieces Weapons g - an [uncursed +0] elven dagger m - an uncursed [+1] elven dagger w - the blessed rustproof +1 Excalibur (weapon in hand) D - a [blessed] rustproof +0 long sword (alternate weapon; not wielded) U - 2 uncursed +0 daggers Armor o - a blessed +1 pair of iron shoes (being worn) H - an [uncursed] rusty +0 pair of gauntlets of power (being worn) R - a blessed +2 dwarvish iron helm (being worn) Comestibles u - 2 uncursed lizard corpses I - an [uncursed] C-ration L - 3 [uncursed] food rations O - an [uncursed] pancake Rings e - an uncursed ring of stealth i - an [uncursed] topaz ring [of free action] l - an [uncursed] porcelain ring [of polymorph control] W - an uncursed ring of cold resistance Wands j - an [uncursed] wand of light [0:11] q - an uncursed wand of lightning [0:6] X - an [uncursed] wand of lightning [0:3] Z - an [uncursed] wand called vanishes [steel of teleportation (0:8)] Tools a - an uncursed [+0] unicorn horn b - an uncursed bag called bag of holding [of holding] k - an uncursed key [skeleton key] r - an uncursed bugle s - an uncursed stethoscope T - an uncursed blindfold Gems S - an uncursed luckstone Contents of the bag of holding: 1769 gold pieces 5 [uncursed] C-rations an [uncursed] K-ration an [uncursed] coffee bean 2 uncursed eucalyptus leaves an uncursed partly eaten food ration 6 uncursed food rations an [uncursed] fortune cookie 2 uncursed pears 4 uncursed tripe rations an [uncursed] scroll called 100 [DAIYEN FOOELS of fire] a [blessed] scroll called 100 [GARVEN DEH of magic mapping] an [uncursed] scroll called scare monster [of scare monster] an [uncursed] scroll labeled ELAM EBOW [of genocide] an [uncursed] scroll labeled ETAOIN SHRDLU [of gold detection] an [uncursed] scroll labeled GHOTI [of stinking cloud] an [uncursed] scroll labeled KIRJE [of enchant armor] a cursed scroll of confuse monster an uncursed scroll of enchant weapon 2 [uncursed] scrolls of identify an uncursed scroll of taming 3 [uncursed] scrolls of teleportation an [uncursed] amber potion [of restore ability] an [uncursed] clear potion [of water] an [uncursed] dark green potion [of gain energy] an [uncursed] greasy potion [of acid] 2 [uncursed] milky potions [of fruit juice] an [uncursed] pink potion [of paralysis] an [uncursed] potion of extra healing an [uncursed] potion of full healing 2 [uncursed] potions of healing an [uncursed] potion of object detection a [cursed] potion of object detection an [uncursed] potion of speed an [uncursed] puce potion [of gain ability] a [blessed] ruby potion [of sleeping] an [uncursed] squishy potion [of levitation] a blessed wand of digging [0:2] an uncursed wand of light [0:11] an uncursed wand of magic missile [0:4] an uncursed wand of speed monster [0:4] an uncursed wand of striking [0:4] an uncursed wand of striking [0:7] Spells known in the end: Name Level Category Fail Memory Your skills at the end: Fighting Skills two weapon combat [Skilled / Skilled] body armor [Basic / Skilled] Weapon Skills dagger [Basic / Expert] long sword [Expert / Expert] Spellcasting Skills Final Attributes: You were piously aligned. Hunger level was 913. Your alignment was 100 / 100. Monster difficulty range was 4 - 19. Level difficulty was 24. You resisted fire. You were immune to cold. You were immune to sleep. You were immune to poison. You were immune to level-drain. You were immune to petrification. You were telepathic. You had automatic searching. You were stealthy. You could survive without air. You were polymorphed into a stone golem (907). You were fast. You were unlucky (-3). You had extra luck. Bad luck did not time out for you. Good luck did not time out for you. You survived. Vanquished creatures: Medusa a vampire lord a skeleton an Aleax 3 ettins 2 black puddings a vampire 2 watch captains 2 ghosts 4 locusts a mind flayer 2 giant mimics a fire giant 2 ice trolls 2 umber hulks a wumpus a stalker an air elemental an earth elemental 3 hill giants 2 giant zombies an elf-lord 5 sergeants 4 wargs 4 small mimics 2 xans 2 ettin mummies 2 ogre lords a quantum mechanic 3 trolls a sasquatch 3 gelatinous cubes a pyrolisk 2 large dogs a freezing sphere 2 flaming spheres 3 shocking spheres 2 large cats 3 tigers 3 gargoyles an ochre jelly a leocrotta 2 elf mummies a human mummy a red naga 3 pythons 3 wraiths a carnivorous ape 7 ettin zombies 9 Grey-elves 8 soldiers 4 watchmen an incubus 2 chameleons 2 giant beetles a quivering blob 2 cockatrices 7 wolves a panther 2 leprechauns an orc-captain 4 giant spiders 3 scorpions 2 horses 2 ice vortices a black light a vampire bat 2 forest centaurs 2 gnome kings an orc mummy 2 dwarf mummies 4 brown puddings an owlbear a gold golem 3 Green-elves 4 lizards 2 dingos 5 housecats 2 jaguars a white unicorn a gray unicorn a black unicorn 2 dust vortices 28 ravens 4 plains centaurs 5 gnome mummies 5 snakes an ape a human zombie a rope golem 2 Woodland-elves 4 soldier ants 3 fire ants a snow ant 7 bugbears a quasit 6 wood nymphs 4 water nymphs 5 Mordor orcs 8 Uruk-hai 2 orc shamans a rock piercer 2 rock moles 2 ponies 2 fog clouds 4 yellow lights 3 violet fungi 5 gnome lords 5 kobold mummies 3 red naga hatchlings 2 gray oozes a barrow wight 5 elf zombies 2 ghouls a straw golem a paper golem a wax golem 2 jellyfish 7 giant ants 2 little dogs 6 floating eyes 3 kittens 9 dwarves a homunculus 2 kobold lords 3 kobold shamans 18 hill orcs 9 rothes a rabid rat 2 centipedes 5 giant bats 2 monkeys an orc zombie 6 dwarf zombies a wererat 3 werejackals 6 iguanas 4 killer bees 4 acid blobs 3 coyotes a gas spore 4 hobbits 6 manes 4 large kobolds 12 hobgoblins 13 giant rats 6 cave spiders 3 brown molds 2 yellow molds a green mold a red mold 12 gnomes 13 garter snakes 4 gnome zombies 5 geckos 10 jackals 5 foxes 2 kobolds 2 goblins 2 sewer rats 20 grid bugs 6 bats 5 lichens 5 kobold zombies 11 newts 570 creatures vanquished. Voluntary challenges: You used a wielded weapon 702 times. You read items or engraved 65 times. You put on armor 45 times. You never genocided any monsters. You never polymorphed an object. You changed form 2 times. You used no wishes. You wrote Elbereth's name 49 times. You encountered 1 bones level. You used 4 Sokoban shortcuts. Dungeon overview: The Dungeons of Doom: levels 1 to 24 Level 1 a fountain a long staircase Level 2 a general store stairs to The Gnomish Mines Level 3 an armor shop Level 6 stairs to Sokoban Level 7 a general store, an altar Level 8 stairs to Town Level 9 a fountain Level 10 many fountains, many trees Level 11 a fountain Level 12 a delicatessen, some fountains portal to The Quest Level 13 a fountain Level 14 a sink Level 15 a fountain Level 16 a fountain Level 19 some fountains, some trees Level 20 some fountains, a sink, some trees Level 22 many trees Level 24 <- You were here The Gnomish Mines: levels 3 to 11 Level 3 stairs to The Dungeons of Doom Level 6 many shops, a temple, a magic chest, some fountains, many trees Level 11 some fountains The Quest: Level 1 a fountain portal to The Dungeons of Doom Sokoban: levels 3 to 5 Level 5 a magic chest stairs to The Dungeons of Doom Town: Level 7 stairs to The Dungeons of Doom History has recorded: On T:1 you entered the Dungeons of Doom to retrieve the Amulet of Yendor! On T:348 you reached level 2 of The Dungeons of Doom. On T:440 you advanced to experience level 2. On T:669 you reached level 1 of The Gnomish Mines. On T:673 you advanced to experience level 3. On T:734 you reached level 2 of The Gnomish Mines. On T:841 you advanced to experience level 4. On T:1141 you advanced to experience level 5. On T:1555 you reached level 3 of The Gnomish Mines. On T:2121 you advanced to experience level 6. On T:2200 you reached level 4 of The Gnomish Mines. On T:2873 you reached level 3 of The Dungeons of Doom. On T:2903 you advanced to experience level 7. On T:3529 you reached level 4 of The Dungeons of Doom. On T:3854 you reached level 5 of The Dungeons of Doom. On T:4095 you reached level 6 of The Dungeons of Doom. On T:4115 you reached level 7 of The Dungeons of Doom. On T:4142 you reached level 3 of Sokoban. On T:4215 you advanced to experience level 8. On T:4692 you reached level 2 of Sokoban. On T:5012 you reached level 1 of Sokoban. On T:6419 you advanced to experience level 9. On T:6654 you reached level 8 of The Dungeons of Doom. On T:6681 you reached level 9 of The Dungeons of Doom. On T:6833 you reached level 3 of Town. On T:6985 you reached level 10 of The Dungeons of Doom. On T:7221 you reached level 11 of The Dungeons of Doom. On T:7752 you advanced to experience level 10. On T:7772 you reached level 12 of The Dungeons of Doom. On T:8774 you reached level 5 of The Gnomish Mines. On T:9233 you reached level 6 of The Gnomish Mines. On T:10161 you reached level 7 of The Gnomish Mines. On T:10416 you reached level 8 of The Gnomish Mines. On T:10919 you reached level 9 of The Gnomish Mines. On T:12715 you reached level 1 of The Quest. On T:13292 you reached level 13 of The Dungeons of Doom. On T:13816 you reached level 14 of The Dungeons of Doom. On T:13917 you reached level 15 of The Dungeons of Doom. On T:14407 you reached level 16 of The Dungeons of Doom. On T:14459 you reached level 17 of The Dungeons of Doom. On T:15180 you reached level 19 of The Dungeons of Doom. On T:15300 you reached level 20 of The Dungeons of Doom. On T:15379 you advanced to experience level 13. On T:15474 you reached level 18 of The Dungeons of Doom. On T:16495 you reached level 21 of The Dungeons of Doom. On T:16879 you reached level 22 of The Dungeons of Doom. On T:16966 you killed Medusa on level 22 of The Dungeons of Doom. On T:16970 you reached level 23 of The Dungeons of Doom. On T:16998 you advanced to experience level 14. On T:18139 you reached level 24 of The Dungeons of Doom. Latest messages: The gargoyle bites! You miss the gargoyle. (2x) You hit the gargoyle! (2x) The gargoyle hits! (2x) The gargoyle misses. You miss the gargoyle. You kill the gargoyle! You see here a gargoyle corpse. Hit points restored. You hit the scorpion! (2x) The scorpion misses. The scorpion just misses! The scorpion misses. You kill the scorpion! You see here a scorpion corpse. You hear crashing rock. You step onto a polymorph trap! You feel a change coming over you. You turn into a stone golem! You break out of your armor! Your cloak tears apart! You can no longer use two weapons at once. Final status: Farvel Khor the Valkyrie... You quit in The Dungeons of Doom on dungeon level 24 with 34789 points, and 5407 pieces of gold, after 18190 moves. You were level 14 with a maximum of 143 hit points when you quit.